[Event "Late-Titled-Tuesday-Blitz-May-14-2024"]
[Site "Chess.com"]
[Date "2024.05.14"]
[Round "7"]
[White "munozmiguelangel1982"]
[Black "zverr1"]
[Result "0-1"]
[WhiteElo "2256"]
[BlackElo "2452"]
[TimeControl "180+1"]
[EndTime "15:16:57 PDT"]
[Termination "zverr1 won on time"]

1. d4 d5 2. Nf3 Nf6 3. g3 e6 4.
Bg2 Be7 5. O-O O-O 6. c4 dxc4 7.
Qa4 c6 8. Qxc4 b5 9. Qc2 Bb7 10. Bd2 Nbd7 11. b4 Nb6 12. a3 Nc4 13. Bc3 a5 14. Nbd2 Nxd2 15. Nxd2 Nd5 16. e4 Nxc3 17. Qxc3 axb4 18. axb4 Qd6 19. Qc5 Qxc5 20. dxc5 Bf6 21.
Rxa8 Rxa8 22. Nf3 Bc3 23. Rd1 Ra1 24. Rxa1 Bxa1 25. Ne1 e5 26. Nd3 Bc8 27. f4 f6 28.
f5 Bd7 29. Kf2 Be8 30. Ke2 Bc3 31. Kd1 Bf7 32. Kc2 Bd4 33. Nc1 Bc4 34. Nb3 Bxb3+ 35. Kxb3 g6 36. g4 Kg7 37. Bf1 Kh6 38. h4 Bf2 39. Kc2 gxf5 40. exf5 Kg7 41. Be2 Kf7 42. g5 Bxh4 43. Bxb5 fxg5 44. Bxc6 g4 45. b5 Bf2 46. Bd5+ Kf6 47. c6 Bb6 48. Be4 h5 49. Kd3 h4 50.
Ke2 h3 51. Kf1 g3 52. Bd5 Kxf5 0-1

[Event "Late-Titled-Tuesday-Blitz-May-14-2024"]
[Site "Chess.com"]
[Date "2024.05.14"]
[Round "7"]
[White "MarcoRiehle"]
[Black "Rsnr"]
[Result "0-1"]
[WhiteElo "2791"]
[BlackElo "2908"]
[TimeControl "180+1"]
[EndTime "15:16:58 PDT"]
[Termination "Rsnr won by resignation"]

1. e4 c6 2. c4 d5 3. exd5 cxd5 4. cxd5 Nf6 5. Nc3 Nxd5 6. Nf3 Nxc3 7. dxc3 Qxd1+ 8. Kxd1 Nc6 9. a4 Bf5 10. Bb5 O-O-O+ 11. Ke2 f6 12. Be3 a6 13. Bxc6 Bd3+ 14.
Kd2 bxc6 15. Nd4 Be4 16. f3 Bd5 17. Kc2 e5 18. Nb3 Bf7 19. Nc5 Bg6+ 20. Kb3 Bxc5 21. Bxc5 Rd2 22. g3 Rhd8 23. Ka3 R8d5 24. Bb6 a5 25. Be3 Rg2 26. Rag1 Rxg1 27. Rxg1 Rd3 28.
Bb6 Rxf3 29. Rd1 Bd3 30. Bxa5 e4 31. Kb4 Rf2 32. b3 Rxh2 33. Kc5 Kb7 34. b4 Ra2 35. b5 cxb5 36. Bb4 Rxa4 37. Rh1 h6 38. Rh5 Ra6 39. Rd5 Re6 40. Rd7+ Kc8 41. Rxg7 e3 42. c4 Bxc4 43. Rg6 e2 44. Rxh6 e1=Q 45. Bxe1 Rxe1 46. Rxf6 Kd7 47. g4 Rg1 48. Rg6 Ke7 49. g5 Kf7 50. Rf6+ Kg7 51. Rf5 Kg6 52. Rf8 Rxg5+ 53.
Kb6 Rf5 54. Rd8 Kf6 55. Rf8+ Ke5 56. Re8+ Kd4 57. Rd8+ Rd5 58. Rh8 Kc3 59. Rh3+ Rd3 60.
Rh4 b4 61. Rh1 b3 62. Ka7 b2 63.
Rh6 Rd7+ 64. Ka8 Bd5+ 65. Rc6+ Bxc6+ 0-1

[Event "Late-Titled-Tuesday-Blitz-May-14-2024"]
[Site "Chess.com"]
[Date "2024.05.14"]
[Round "7"]
[White "jbking07"]
[Black "KatakuriDono"]
[Result "1-0"]
[WhiteElo "2392"]
[BlackElo "2299"]
[TimeControl "180+1"]
[EndTime "15:16:58 PDT"]
[Termination "jbking07 won by resignation"]

1. e4 c5 2. Nf3 Nc6 3. Bb5 e6 4.
O-O Nge7 5. Re1 a6 6. Bf1 b6 7. d4 cxd4 8. Nxd4 Nxd4 9. Qxd4 Nc6 10. Qd3 Bb7 11. Qg3 g6 12. e5 Bg7 13. Nc3 Qc7 14.
Bf4 O-O 15. Rad1 Ne7 16. Rd2 Nd5 17. Nxd5 Bxd5 18. c4 Bc6 19. b4 b5 20. c5 Bd5 21.
Be2 Qc6 22. Bf3 Bxf3 23. Qxf3 a5 24. a3 axb4 25. axb4 Ra4 26. Rd4 Rfa8 27. Red1 h5 28.
h3 R8a7 29. Rb1 Kh7 30. Qxc6 dxc6 31. Rd6 R7a6 32. Rd7 Ra7 33. Rd6 R7a6 34. Bg3 h4 35.
Bf4 Ra2 36. Re1 Rb2 37. Re4 Rb1+ 38. Kh2 Rb2 39. Be3 g5 40. Bxg5 Rxf2 41. Bxh4 Raa2 42. Bxf2 Rxf2 43. Rxc6 Rf5 44. Rb6 Bxe5+ 45. Kg1 Bg3 46.
Rxb5 Rd5 47. Kf1 Rd1+ 48. Ke2 f5 49. Rb7+ Kg8 50. Re3 Re1+ 51. Kf3 Rxe3+ 52. Kxe3 f4+ 53. Ke4 e5 54. Re7 1-0

[Event "Late-Titled-Tuesday-Blitz-May-14-2024"]
[Site "Chess.com"]
[Date "2024.05.14"]
[Round "7"]
[White "XDPS"]
[Black "emiliocordova"]
[Result "0-1"]
[WhiteElo "2800"]
[BlackElo "2913"]
[TimeControl "180+1"]
[EndTime "15:17:00 PDT"]
[Termination "emiliocordova won by resignation"]

1. d4 e6 2. Nf3 b6 3. Bf4 Bb7 4.
e3 Nc6 5. Nbd2 Nce7 6. h3 Ng6 7. Bh2 Nf6 8. Bd3 Be7 9. O-O O-O 10. e4 c5 11. c3 Nh5 12. Re1 Nhf4 13. Bf1 f5 14. e5 cxd4 15. Nxd4 Rc8 16. N2f3 Bc5 17. b4 Bxd4 18. Qxd4 Nxh3+ 19. Kh1 f4 20. Nd2 Qh4 21. f3 Ng5 22. Qxd7 Bc6 23. Qd3 Rfd8 24. Qc2 Ne7 25. Bc4 b5 26. Bb3 Bd5 27. Bxd5 Nxd5 28. Nf1 Rxc3 29.
Qd2 Rdc8 30. Rac1 Nf7 31. Rxc3 Rxc3 32. Rc1 Rxc1 33. Qxc1 Nxe5 34. Qc8+ Kf7 35. Qb7+ Qe7 36. Qxb5 Qxb4 37. Qxb4 Nxb4 38. Bxf4 Nc4 39. a4 a6 40. Bc7 e5 41. Ng3 Nd5 42. Bd8 Ndb6 43. a5 Nd5 44.
Ne4 Ke8 45. Bh4 Nxa5 46. Nc5 Nc7 47. Bg3 Nc6 48. Kg1 a5 49. Kf2 Ke7 50. Ke3 Ne6 51.
Na4 Kd6 52. Ke4 Nc5+ 53. Nxc5 Kxc5 54. Bf2+ Kc4 0-1

[Event "Late-Titled-Tuesday-Blitz-May-14-2024"]
[Site "Chess.com"]
[Date "2024.05.14"]
[Round "7"]
[White "GrotBchess"]
[Black "Abund"]
[Result "0-1"]
[WhiteElo "2560"]
[BlackElo "2780"]
[TimeControl "180+1"]
[EndTime "15:17:00 PDT"]
[Termination "Abund won by checkmate"]

1. e4 c6 2. d4 d5 3. Nd2 dxe4 4.
Nxe4 Nf6 5. Nxf6+ exf6 6. c3 Bd6 7. Bd3 O-O 8. Ne2 Re8 9. O-O h5 10. Nf4 Bg4 11. f3 Bxf4 12. Bxf4 Be6 13. Qd2 Nd7 14. a4 a5 15. Rfe1 g6 16. Re2 Nb6 17. Qc2 Bc4 18. Bxc4 Nxc4 19. Rae1 Qd7 20. Qb3 b5 21. Qc2 Kg7 22.
b3 Nb6 23. axb5 cxb5 24. Re4 a4 25. bxa4 Nxa4 26. Bd2 Nb6 27. Qd3 Nd5 28. Bc1 Nb6 29. Bf4 Qc6 30. Bg3 Rec8 31. Rc1 Ra3 32. Be1 b4 33. Re3 Nd5 34. Re2 bxc3 35. Qe4 Rc7 36. Rec2 Re7 37. Qh4 Qe6 38. Qf2 Rc7 39. Bxc3 Raxc3 40. Rxc3 Rxc3 41. Rxc3 Nxc3 42. h4 Qe2 43. Qg3 Qd1+ 44.
Kh2 Qxd4 45. Qc7 Ne2 46. Qc2 Qxh4# 0-1

[Event "Late-Titled-Tuesday-Blitz-May-14-2024"]
[Site "Chess.com"]
[Date "2024.05.14"]
[Round "7"]
[White "LeninGuerra"]
[Black "YouShallNotPass001"]
[Result "0-1"]
[WhiteElo "2663"]
[BlackElo "2516"]
[TimeControl "180+1"]
[EndTime "15:17:00 PDT"]
[Termination "YouShallNotPass001 won by resignation"]

1. e4 Nf6 2. e5 Ne4 3. d4 e6 4. Bd3 d5 5. Ne2 c5 6. c3 f5 7. f3 Ng5 8. h4 Nf7 9. g4 Be7 10.
g5 Nc6 11. Be3 Qb6 12. Qb3 c4 13. Qxb6 axb6 14. Bc2 b5 15. Nd2 b4 16. Kf2 Nb8 17. Nf4 Nd8 18. Nf1 Ndc6 19. Ng3 O-O 20. g6 h6 21.
Nfh5 b5 22. Ne2 bxc3 23. bxc3 b4 24. Nef4 bxc3 25. a3 Rxa3 26. Rxa3 Bxa3 27. Rg1 Be7 28. Nxg7 Bxh4+ 29. Ke2 Kxg7 30. Nh5+ Kg8 31. Bxh6 Nd7 32. Bxf8 Nxf8 33. Ba4 Nxd4+ 34. Ke3 Bd7 35. Bxd7 Nxd7 36. Kxd4 Bf2+ 37. Kxc3 Bxg1 38. Nf4 Bh2 39. Nxe6 Bxe5+ 40. Kd2 d4 41. f4 Bf6 42. Nc7 Nc5 43. Nd5 Kg7 44.
Nb6 Ne4+ 45. Ke2 d3+ 46. Ke3 d2 47. Ke2 c3 48. Nd5 c2 0-1

[Event "Late-Titled-Tuesday-Blitz-May-14-2024"]
[Site "Chess.com"]
[Date "2024.05.14"]
[Round "7"]
[White "m_ezat"]
[Black "Individoom"]
[Result "0-1"]
[WhiteElo "2607"]
[BlackElo "2791"]
[TimeControl "180+1"]
[EndTime "15:17:01 PDT"]
[Termination "Individoom won by checkmate"]

1. e4 c5 2. d4 cxd4 3. c3 d3 4. Nf3 Nc6 5. Bxd3 g6 6. h4 h6 7. O-O Bg7 8. Qe2 d6 9. h5 g5 10.
Nh2 Nf6 11. Na3 Ne5 12. Bb5+ Bd7 13. Bxd7+ Qxd7 14. Nc4 Nxc4 15. Qxc4 Qc6 16. Qxc6+ bxc6 17. f3 Nxh5 18. Rd1 Rb8 19. Ng4 Nf4 20. Bxf4 gxf4 21. Rd2 c5 22. Rad1 h5 23. Nf2 Kd7 24. Nd3 c4 25. Nc5+ Ke8 26. Na6 Rb7 27. Nb4 Kd7 28.
Rd5 Ke8 29. Rg5 Bf6 30. Rf5 Be5 31. Nc6 f6 32. Rd2 Kf7 33. Na5 Rc7 34. g4 fxg3 35. f4 e6 36. fxe5 exf5 37. exd6 Rd7 38. exf5 h4 39. Nxc4 h3 40. Ne3 g2 41. Kh2 Rg8 42.
Rd1 Rxd6 43. Rg1 Rd3 44. Nc4 Re8 45. b4 Re2 46. b5 Rf3 47. Nd6+ Kf8 48. c4 Rf1 49. c5 Rxg1 50. Kxg1 Re1+ 51. Kf2 g1=Q+ 52. Kf3 Re3+ 53. Kf4 Qg3# 0-1

[Event "Late-Titled-Tuesday-Blitz-May-14-2024"]
[Site "Chess.com"]
[Date "2024.05.14"]
[Round "7"]
[White "alexrustemov"]
[Black "Rital44"]
[Result "0-1"]
[WhiteElo "2898"]
[BlackElo "2721"]
[TimeControl "180+1"]
[EndTime "15:17:02 PDT"]
[Termination "Rital44 won by resignation"]

1. d4 f5 2. g3 Nf6 3. Bg2 g6 4. Nf3 Bg7 5. O-O O-O 6. c4 d6 7.
Nc3 Qe8 8. d5 a5 9. Be3 Na6 10.
Qd2 e5 11. dxe6 Bxe6 12. Ng5 Bc8 13. Bd4 h6 14. Nf3 Nc5 15. Rac1 Be6 16. b3 Nce4 17. Nxe4 fxe4 18. Ne1 Bf5 19. Nc2 Qe6 20. Ne3 Bh3 21. Bxf6 Rxf6 22. Bxh3 Qxh3 23. Qd5+ Kh7 24. Qxe4 c6 25.
Rcd1 Raf8 26. Qg2 Qe6 27. Rd3 h5 28. h4 Bh6 29. a3 Rxf2 30. Rxf2 Bxe3 31. Rxe3 Qxe3 32.
b4 axb4 33. axb4 Kg7 34. b5 Rf5 35. bxc6 bxc6 36. Qh2 Kf6 37. Qg2 Ke5 38. Qh2 Kd4 39.
Qg2 Rxf2 40. Qxf2 Qxf2+ 41. Kxf2 Kxc4 42. Ke3 Kd5 43. Kf4 c5 44. Ke3 Ke5 45. Kd3 d5 46. Ke3 d4+ 47. Kd3 Kd5 48. Kd2 Ke4 49. Kc2 c4 50. Kd2 d3 51. e3 c3+ 0-1

[Event "Late-Titled-Tuesday-Blitz-May-14-2024"]
[Site "Chess.com"]
[Date "2024.05.14"]
[Round "7"]
[White "Oneofmyturns"]
[Black "maximnovik"]
[Result "1-0"]
[WhiteElo "2805"]
[BlackElo "2585"]
[TimeControl "180+1"]
[EndTime "15:17:03 PDT"]
[Termination "Oneofmyturns won on time"]

1. d4 Nf6 2. c4 g6 3. Nc3 d5 4. cxd5 Nxd5 5. e4 Nxc3 6. bxc3 Bg7 7. Be3 c5 8. Rc1 Qa5 9. Qd2 cxd4 10. cxd4 Qxd2+ 11. Kxd2 O-O 12. Bb5 f5 13. exf5 Bxf5 14. Nf3 Nc6 15.
Bxc6 bxc6 16. Rxc6 Rab8 17. Rhc1 Rb2+ 18. Ke1 Rxa2 19. Rc7 Bf6 20. Ne5 Be4 21. Nd7 Re8 22.
Nxf6+ exf6 23. Rd7 Bf5 24. Rb7 Be4 25. Rd7 Bf5 26.
Rd6 Be4 27. Rc7 g5 28. Rxf6 Bxg2 29. Rff7 Be4 30. Rg7+ Kh8 31. Rxg5 Rg8 32. h4 Rxg5 33. hxg5 Kg8 34. Re7 Bf3 35. Bf4 a5 36. Be5 Be4 37.
Bf6 Bg6 38. d5 Ra4 39. d6 Ra1+ 40. Bxa1 Kf8 41. Bf6 a4 42. d7 1-0

[Event "Late-Titled-Tuesday-Blitz-May-14-2024"]
[Site "Chess.com"]
[Date "2024.05.14"]
[Round "7"]
[White "Durarbayli"]
[Black "FLamps8"]
[Result "0-1"]
[WhiteElo "2939"]
[BlackElo "2716"]
[TimeControl "180+1"]
[EndTime "15:17:04 PDT"]
[Termination "FLamps8 won on time"]

1. e4 e5 2. Nf3 Nf6 3. d4 Nxe4 4. dxe5 d5 5. Nbd2 Nxd2 6. Qxd2 c5 7. Be2 Nc6 8. O-O h6 9. Rd1 Be6 10. Qf4 g5 11.
Qg3 Qc7 12. c4 d4 13. h3 Bg7 14. Re1 Nxe5 15. Bd3 Nxf3+ 16. Qxf3 O-O-O 17. Bd2 Be5 18. Rab1 Rhg8 19. Bf5 Rde8 20. b4 Bf4 21. Bxe6+ Rxe6 22. Rxe6 fxe6 23. Qe4 Re8 24. Qg6 Re7 25. Bxf4 gxf4 26.
Qxh6 cxb4 27. Qf8+ Qd8 28. Qxf4 e5 29. Qe4 Qd6 30.
Rd1 Rc7 31. Qf5+ Kb8 32. h4 Rxc4 33. h5 Rc8 34. Rd3 Rf8 35. Qe4 Rf4 36. Qg6 Qxg6 37. hxg6 Rf8 38. Rg3 Rg8 39. Rg5 Kc7 40. Rxe5 Rxg6 41.
Rb5 d3 42. Rxb4 d2 43. Rb1 Rc6 0-1

[Event "Late-Titled-Tuesday-Blitz-May-14-2024"]
[Site "Chess.com"]
[Date "2024.05.14"]
[Round "7"]
[White "Bykov_Egor"]
[Black "cristianserban1"]
[Result "0-1"]
[WhiteElo "2606"]
[BlackElo "2510"]
[TimeControl "180+1"]
[EndTime "15:17:04 PDT"]
[Termination "cristianserban1 won by resignation"]

1. e4 c5 2. c3 Nf6 3. e5 Nd5 4. d4 cxd4 5. Nf3 e6 6. cxd4 b6 7. Nc3 Nxc3 8. bxc3 Qc7 9. Bd2 d6 10. Bb5+ Bd7 11. Bd3 Nc6 12. exd6 Bxd6 13. O-O O-O 14. h4 Na5 15. Ng5 g6 16. h5 Bf4 17. hxg6 hxg6 18.
Re1 Kg7 19. Re4 Bxd2 20. Qxd2 Rh8 21. Rf4 f6 22. Nf3 Bc6 23. Qe3 Raf8 24. Rg4 f5 25.
Rxg6+ Kxg6 26. Qg5+ Kf7 27. Ne5+ Ke8 28. Re1 Bd5 29.
Ng6 Qh2+ 30. Kf1 Bxg2+ 31. Qxg2 Qh1+ 32. Qxh1 Rxh1+ 33. Ke2 Rxe1+ 34. Kxe1 Rf6 35. Nf4 Ke7 36. Bb5 Rh6 37. Ke2 Kd6 38. Nd3 Rh3 39. Kd2 Nb7 40. Ne5 Nd8 41. Bf1 Rh2 42. Ke3 Nc6 43. Nf3 Rh8 44.
Bg2 Ne7 45. Nd2 b5 46. Nb3 Nd5+ 47. Kd2 Rh2 48. Bxd5 Kxd5 49. Ke3 f4+ 50. Kxf4 Rxf2+ 51. Ke3 Rxa2 52. Nc5 Rh2 53. Nd3 a5 54. Nf4+ Kd6 0-1

[Event "Late-Titled-Tuesday-Blitz-May-14-2024"]
[Site "Chess.com"]
[Date "2024.05.14"]
[Round "7"]
[White "HandKnit"]
[Black "MuhittinBuker"]
[Result "1-0"]
[WhiteElo "2503"]
[BlackElo "2235"]
[TimeControl "180+1"]
[EndTime "15:17:04 PDT"]
[Termination "HandKnit won on time"]

1. e4 e5 2. Nf3 Nc6 3. Bb5 a6 4.
Bxc6 dxc6 5. O-O Bg4 6. h3 h5 7. d3 Qf6 8. Nbd2 Ne7 9. Nc4 Bxf3 10. Qxf3 Qxf3 11. gxf3 f6 12. f4 Ng6 13. fxe5 fxe5 14.
f4 exf4 15. Bxf4 Bc5+ 16. Kg2 O-O-O 17. Bg5 Rdf8 18. c3 Be7 19. Bxe7 Nxe7 20. Ne5 c5 21. Kg3 g5 22. Nf7 Rhg8 23. Rf2 Kd7 24. Raf1 Ke8 25. Ne5 Rxf2 26. Rxf2 b6 27. Rf6 Rf8 28. Rxf8+ Kxf8 29. Nf3 g4 30. hxg4 hxg4 31. Kxg4 Kf7 32. Kf4 Ke6 33. Ng5+ Kd6 34. e5+ Kd5 35. e6 b5 36. b3 a5 37.
c4+ bxc4 38. dxc4+ Kd4 39. Nf7 a4 40. Kg5 a3 41.
Kf6 Nc6 42. Nd8 Nxd8 43. e7 Nc6 44. e8=Q Nb4 45. Qe2 Kc3 46. Ke7 1-0

[Event "Late-Titled-Tuesday-Blitz-May-14-2024"]
[Site "Chess.com"]
[Date "2024.05.14"]
[Round "7"]
[White "BilodeauA"]
[Black "oskariot"]
[Result "0-1"]
[WhiteElo "2889"]
[BlackElo "2798"]
[TimeControl "180+1"]
[EndTime "15:17:06 PDT"]
[Termination "oskariot won by checkmate"]

1. e4 c5 2. Nf3 e6 3. Nc3 d6 4.
d4 cxd4 5. Nxd4 Nf6 6. g4 e5 7. Nf5 h5 8. Bb5+ Nc6 9. gxh5 Bxf5 10. exf5 d5 11. Bg5 d4 12. Bxf6 Qxf6 13. Ne4 Qxf5 14.
Qd3 Qxh5 15. Rg1 Qh6 16. Rg5 Be7 17. Rxe5 Qxh2 18. Rxe7+ Kxe7 19. O-O-O Qf4+ 20. Kb1 Kf8 21. a3 Rd8 22. Rg1 Ne5 23. Qe2 a6 24. Bd3 Nxd3 25. Qxd3 g6 26. f3 Qe3 27. Qd1 d3 28. Ka2 Kg7 29.
cxd3 Qxd3 30. Qc1 Qxf3 31. Ng5 Qd5+ 32. Ka1 Rh5 33. Qf4 Qf5 34. Qc1 Kg8 35. Qe3 Qf6 36. Ne4 Qe5 37. Qf3 Rh2 38. Nc3 Re8 39. Qxb7 Rb8 40. Qxa6 Rhxb2 41. Rg5 Qxc3 42. Qc8+ Rxc8 43. Rxg6+ fxg6 44. a4 Qc1# 0-1

[Event "Late-Titled-Tuesday-Blitz-May-14-2024"]
[Site "Chess.com"]
[Date "2024.05.14"]
[Round "7"]
[White "Gangster-accountant01"]
[Black "ameetghasi100"]
[Result "0-1"]
[WhiteElo "2587"]
[BlackElo "2793"]
[TimeControl "180+1"]
[EndTime "15:17:08 PDT"]
[Termination "ameetghasi100 won by checkmate"]

1. c4 g6 2. Nc3 Bg7 3. d4 d6 4. Nf3 Nf6 5. g3 O-O 6. Bg2 a6 7. O-O Nc6 8. b3 Rb8 9. Bb2 b5 10.
cxb5 axb5 11. Rc1 b4 12. Nd5 Nxd5 13. Rxc6 Bb7 14. Rc1 Qd7 15. Re1 Ra8 16. Ra1 Ra5 17. e4 Nb6 18. e5 Bd5 19. Qd2 Rfa8 20. Qxb4 Rxa2 21. exd6 exd6 22. Qc3 Bf6 23. h4 Kg7 24. Ne5 Qf5 25. Nxf7 Bxg2 26. Qxc7 Nd5 27. Nxd6+ Nxc7 28. Nxf5+ gxf5 29. Kxg2 Rxb2 30. Rxa8 Nxa8 31. Ra1 Nb6 32.
Ra7+ Kg6 33. h5+ Kh6 34. Rc7 Bxd4 35. Rc6+ Kxh5 36. Kh3 Rxf2 37. Rd6 Rd2 38. b4 h6 39. b5 Kg5 40. Rd8 Rd1 41. Rd6 Rh1+ 42. Kg2 Rg1+ 43.
Kh2 Rd1 44. Kh3 Nc4 45. Rd8 Ne3 46. Kh2 Rd2+ 47. Kh1 Ng4 48. Rg8+ Kh5 49. Rxg4 Kxg4 50. b6 Kh3 51. b7 Rd1# 0-1

[Event "Late-Titled-Tuesday-Blitz-May-14-2024"]
[Site "Chess.com"]
[Date "2024.05.14"]
[Round "7"]
[White "AlexOstrovskiy"]
[Black "betta2004"]
[Result "1-0"]
[WhiteElo "2722"]
[BlackElo "2538"]
[TimeControl "180+1"]
[EndTime "15:17:09 PDT"]
[Termination "AlexOstrovskiy won by resignation"]

1. e4 c5 2. Nc3 Nc6 3. Bb5 Nd4 4. Nf3 a6 5. Bd3 e6 6. O-O Nc6 7. Nd5 g5 8. Nxg5 exd5 9. Qh5 Qe7 10. exd5 Nf6 11. Qh4 Nxd5 12. Bc4 h6 13. Bxd5 Qxg5 14. Qc4 Qg6 15. Re1+ Be7 16. Qxc5 Kf8 17. Qe3 Bg5 18. f4 Bf6 19. c3 Ne7 20. Be4 Qh5 21. d4 d5 22. Bf3 Bg4 23. Bxg4 Qxg4 24. h3 Qh4 25. b3 Nf5 26. Ba3+ Kg7 27. Qd3 Ng3 28. Qf3 Ne4 29. Rad1 Rae8 30. Re3 Bd8 31. c4 Nf6 32. Bd6 Re6 33.
Be5 Kh7 34. Kh2 Rg8 35. f5 Ng4+ 36. Kg1 Nxe3 37. fxe6 Rxg2+ 38. Kh1 Rf2 39. Qxe3 f6 40. Qd3+ f5 41. Qg3 Qxg3 42. Bxg3 Rf3 43. Kg2 Re3 44. cxd5 f4 45. Bf2 Re4 46. Kf3 Rxe6 47. dxe6 Kg6 48.
d5 Kf6 49. Rd4 1-0

[Event "Late-Titled-Tuesday-Blitz-May-14-2024"]
[Site "Chess.com"]
[Date "2024.05.14"]
[Round "7"]
[White "TigrVShlyape"]
[Black "lucasmito"]
[Result "1/2-1/2"]
[WhiteElo "2949"]
[BlackElo "2749"]
[TimeControl "180+1"]
[EndTime "15:17:10 PDT"]
[Termination "Game drawn by repetition"]

1. e4 e5 2. Nf3 Nc6 3. Bb5 f5 4. Nc3 fxe4 5. Nxe4 d5 6. Nxe5 dxe4 7. Nxc6 Qd5 8. c4 Qd6 9. Qh5+ g6 10. Qe5+ Qxe5 11. Nxe5+ c6 12. Ba4 Bg7 13. f4 exf3 14. Nxf3 Be6 15.
d3 O-O-O 16. Bc2 Bf5 17. Bg5 Re8+ 18. Kd2 Bxb2 19. Rae1 Nf6 20. Rb1 h6 21. Rxb2 hxg5 22. Nxg5 Ng4 23. Nf3 Ne3 24. Rg1 Re7 25. Bb3 Rd8 26.
d4 Bg4 27. Kc3 Bxf3 28. gxf3 Nf5 29. d5 Re3+ 30. Kb4 cxd5 31. cxd5 Rxf3 32. Rxg6 Nd4 33.
Rd2 Rf4 34. Kc3 Nb5+ 35. Kb2 a5 36. a4 Nd6 37. Rg3 Rh4 38. h3 Rdh8 39. Rc2+ Kb8 40.
Rg6 R8h6 41. Rxh6 Rxh6 42. Rc3 Rh4 43. Rf3 Ne4 44. Bc2 Nc5 45. Ka3 Rc4 46. Bb3 Rd4 47. Rc3 Nxb3 48. Rxb3 Rxd5 49. Rb5 Rd3+ 50. Rb3 Rd4 51.
Rb5 Rh4 52. Rxa5 Rxh3+ 53. Kb4 Rh4+ 54. Kb3 Rh3+ 55. Kb4 Rh4+ 56. Kb3 Rh3+ 57. Kb4 1/2-1/2

[Event "Late-Titled-Tuesday-Blitz-May-14-2024"]
[Site "Chess.com"]
[Date "2024.05.14"]
[Round "7"]
[White "schachlana"]
[Black "David_ATM"]
[Result "0-1"]
[WhiteElo "2342"]
[BlackElo "2450"]
[TimeControl "180+1"]
[EndTime "15:17:12 PDT"]
[Termination "David_ATM won by resignation"]

1. d4 d5 2. c4 c6 3. Nc3 Nf6 4. Nf3 Bf5 5. e3 e6 6. Be2 Nbd7 7. O-O Be7 8. b3 O-O 9. Bb2 h6 10. Rc1 Bh7 11. a4 a6 12. Ne5 Nxe5 13. dxe5 Ne4 14. Bd3 Nxc3 15. Bxc3 Bxd3 16. Qxd3 dxc4 17. Qxc4 Qd5 18.
Qxd5 cxd5 19. Ba5 Rac8 20. Bc7 Rfe8 21. Bd6 Rxc1 22. Rxc1 Bxd6 23. exd6 Rd8 24. Rc7 Rxd6 25. Rxb7 d4 26. exd4 Rxd4 27. Kf1 Rd2 28. Rb6 Rb2 29.
b4 g5 30. g3 g4 31. b5 axb5 32. axb5 Kg7 33. Rb7 Kg6 34. b6 h5 35. Rb8 Kf6 36. b7 Ke5 37. Ke1 Ke4 38. Kd1 Kf3 39. Kc1 Rb6 40.
Kd2 Kxf2 41. Kd3 Kg2 42. Ke2 Kxh2 43. Kf2 Rb2+ 44. Ke3 Kxg3 45. Ke4 f5+ 46. Ke5 f4 47. Kxe6 f3 48. Rh8 Rxb7 49. Rxh5 f2 50. Rf5 Kg2 0-1

[Event "Late-Titled-Tuesday-Blitz-May-14-2024"]
[Site "Chess.com"]
[Date "2024.05.14"]
[Round "7"]
[White "chess_sharparchitect"]
[Black "wild3000"]
[Result "1/2-1/2"]
[WhiteElo "2359"]
[BlackElo "2475"]
[TimeControl "180+1"]
[EndTime "15:17:14 PDT"]
[Termination "Game drawn - insufficient material"]

1. c4 h5 2. Nc3 h4 3. e4 d6 4.
h3 e5 5. Nf3 Nc6 6. d4 exd4 7. Nxd4 Nxd4 8. Qxd4 Nf6 9. Be2 Be7 10.
b4 c6 11. Bb2 a5 12. a3 axb4 13. axb4 Rxa1+ 14. Bxa1 O-O 15. O-O c5 16. bxc5 dxc5 17. Qe3 Re8 18. Qf4 Bd6 19. Qxh4 Be5 20. Nd5 Bxa1 21.
Rxa1 Nxe4 22. Qxd8 Rxd8 23. Ra8 Kf8 24. Bg4 Nd6 25.
Nb6 f5 26. Bxf5 Nxf5 27. Rxc8 Rxc8 28. Nxc8 Ke8 29. g4 Nh4 30. Nd6+ Kd7 31. Nxb7 Kc6 32. Nd8+ Kd7 33. Nf7 Nf3+ 34. Kg2 Nd2 35. Ne5+ Ke6 36. Nd3 Kd6 37. Nb2 Ke5 38. Kg3 g5 39. h4 Ne4+ 40.
Kh3 Nxf2+ 41. Kg3 Ne4+ 42. Kh3 gxh4 43. Kxh4 Kd4 44. g5 Kc3 45. Na4+ Kxc4 46. g6 Nf6 47. Kg5 Ng8 48. Nxc5 Kxc5 49. Kf5 Kd6 50. g7 Ke7 51. Kg6 Ke6 52. Kg5 Kf7 53. Kf5 Kxg7 1/2-1/2

[Event "Late-Titled-Tuesday-Blitz-May-14-2024"]
[Site "Chess.com"]
[Date "2024.05.14"]
[Round "7"]
[White "varunkrishnanchess"]
[Black "GoltsevDmitry2000"]
[Result "0-1"]
[WhiteElo "2602"]
[BlackElo "2744"]
[TimeControl "180+1"]
[EndTime "15:17:15 PDT"]
[Termination "GoltsevDmitry2000 won by checkmate"]

1. a3 g6 2. e4 Bg7 3. d4 e6 4.
Nf3 d5 5. e5 c5 6. dxc5 Nd7 7.
Bb5 a6 8. Ba4 Qa5+ 9. Nc3 Qxc5 10.
Be3 Qc7 11. O-O Ne7 12. Qd2 b5 13. Bb3 Nxe5 14. Nxe5 Bxe5 15. Bd4 Bxh2+ 16. Kh1 Be5 17. Rfe1 Bxd4 18. Qxd4 O-O 19. Re3 Nf5 20. Qd2 d4 21.
Rh3 dxc3 22. bxc3 Qe5 23. Re1 Qg7 24. g4 Bb7+ 25. Kh2 Rad8 26. Qg5 Nd6 27. f3 Nc4 28. Bxc4 bxc4 29. Kg3 Qxc3 30. Re3 Qg7 31. Re1 Rd7 32.
Reh1 f6 33. Qe3 e5 34. Qc5 Rc8 35. Qe3 Qf8 36. Qb6 Rcc7 37. Qe6+ Kh8 38. Rh6 e4 39.
Kf2 Qc5+ 40. Kf1 Rd1+ 41. Ke2 Rxh1 42. Qxf6+ Kg8 43. Rxh1 exf3+ 44. Kf1 Qe7 45. Qxe7 Rxe7 46. Kf2 Re2+ 47. Kg3 Rg2+ 48. Kf4 f2 49. Rf1 Kg7 50.
c3 h5 51. g5 h4 52. Ke3 h3 53. Rd1 Bc6 54. Kd4 Rg1 55. Rd2 f1=Q 56. Kc5 Be8 57.
Kb4 Rxg5 58. a4 Qb1+ 59. Ka3 Qb3# 0-1

[Event "Late-Titled-Tuesday-Blitz-May-14-2024"]
[Site "Chess.com"]
[Date "2024.05.14"]
[Round "7"]
[White "AlexeiShirov"]
[Black "Mops_2004"]
[Result "1/2-1/2"]
[WhiteElo "2917"]
[BlackElo "2844"]
[TimeControl "180+1"]
[EndTime "15:17:16 PDT"]
[Termination "Game drawn by agreement"]

1. e4 g6 2. d4 Bg7 3. Nc3 d6 4. f4 Nf6 5. Nf3 c5 6. dxc5 Qa5 7. Qd3 Qxc5 8. Be3 Qa5 9. Qb5+ Qxb5 10. Bxb5+ Nc6 11. e5 dxe5 12. Nxe5 Ng4 13. Bd4 Nxe5 14. Bxe5 Bxe5 15. fxe5 Bd7 16. O-O-O a6 17. Nd5 Rc8 18. Ba4 b5 19. Bb3 Nxe5 20. Nb6 Rc6 21. Nxd7 Nxd7 22. Bxf7+ Kxf7 23. Rxd7 Rhc8 24. Rf1+ Ke8 25.
Rd2 Rd6 26. Rxd6 exd6 27. Kd2 Rc5 28. Rf3 Rh5 29. h3 Rg5 30. g4 h5 31. gxh5 gxh5 32.
Ra3 Rg2+ 33. Kc3 Kd7 34. Rxa6 h4 35. a4 bxa4 36. Rxa4 Rg3+ 37. Kd4 Ke6 38. Ra8 Rxh3 39. Rh8 Rh2 40. Kd3 h3 41. b4 Kd5 42. Rh5+ Kc6 43. b5+ Kb6 44. c4 Rh1 45. Kc3 h2 46. Kb2 d5 47.
cxd5 Kxb5 48. Rh8 Kc5 49. Rh5 Rd1 50. Rxh2 Rxd5 1/2-1/2

[Event "Late-Titled-Tuesday-Blitz-May-14-2024"]
[Site "Chess.com"]
[Date "2024.05.14"]
[Round "7"]
[White "A4RookA3"]
[Black "Sinquefield"]
[Result "0-1"]
[WhiteElo "2428"]
[BlackElo "2581"]
[TimeControl "180+1"]
[EndTime "15:17:16 PDT"]
[Termination "Sinquefield won by checkmate"]

1. e4 d6 2. d4 Nf6 3. Nc3 Nbd7 4. Nf3 e5 5. Be3 Be7 6. h3 O-O 7. dxe5 dxe5 8. Bc4 c6 9. O-O b5 10.
Bb3 b4 11. Ne2 Nxe4 12. Qd3 Nef6 13. Qc4 a5 14. Ng5 Ba6 15. Nxf7 Bxc4 16. Nxd8 Bxb3 17. Nxc6 Bc4 18. Nxe7+ Kf7 19. Nf5 Bxe2 20. Rfe1 Ba6 21. a3 bxa3 22. Rxa3 g6 23. Nh6+ Kg7 24. Rxa5 Bb7 25.
Rea1 Rxa5 26. Rxa5 Ra8 27. Rxa8 Bxa8 28. Ng4 Nxg4 29.
hxg4 Nf6 30. f3 Nd5 31. Bd2 Kf6 32. Kf2 Ke6 33. c4 Nb6 34. b3 Nd7 35. Be3 Kd6 36. Kg3 Bc6 37. Kh4 e4 38. fxe4 Bxe4 39. Kg5 Bxg2 40. Kh6 Nf6 41. Bd4 Nxg4+ 42. Kxh7 Be4 43. b4 Ne5 44. Bxe5+ Kxe5 45. Kh6 Kf4 46. b5 g5 47.
c5 Bd3 48. c6 Bxb5 49. c7 Bd7 50. c8=Q Bxc8 51. Kh5 g4 52. Kh4 g3 53. Kh5 g2 54.
Kh4 g1=Q 55. Kh5 Qg5# 0-1